 Dungeon Crawl Stone Soup version 0.31-a0-1147-g46bab52692 (webtiles) character file.

Game seed: 3998032054346011045

546 MacCMillion the Chopper (level 7, -2/57 HPs)
             Began as a Ghoul Fighter on Dec 7, 2023.
             Was an Initiate of Makhleb.
             Slain by a water moccasin (7 damage)
             ... on level 6 of the Dungeon.
             The game lasted 00:09:50 (4936 turns).

MacCMillion the Chopper (Ghoul Fighter)             Turns: 4936, Time: 00:09:51

Health: -2/57      AC:  9    Str: 22    XL:     7   Next: 28%
Magic:  6/6        EV: 10    Int:  7    God:    Makhleb [......]
Gold:   266        SH:  4    Dex: 11    Spells: 6/6 levels left

rFire   . . .        a - +0 war axe
rCold   + . .        c - +0 buckler
rNeg    + + +        k - +1 ring mail of Resilience {Dex+3 Stlth+}
rPois   ∞            p - +1 helmet
rElec   .            (no cloak)
rCorr   .            (no gloves)
SInv    .            t - +0 pair of boots
Will    .....        (no amulet)
Stlth   ++           (no ring)
HPRegen 0.00/turn    (no ring)
MPRegen 0.10/turn

%: no passive effects
@: inhibited regen
A: claws 1, cold resistance 1, negative energy resistance 3, inhibited
regeneration, torment resistance 2, devour on kill
a: Renounce Religion


You were on level 6 of the Dungeon.
You worshipped Makhleb.
Makhleb was noncommittal.
You visited 2 branches of the dungeon, and saw 7 of its levels.

You collected 266 gold pieces.

Inventory:

Hand Weapons
 a - a +0 war axe (weapon)
Armour
 b - a +0 scale mail
 c - a +0 buckler (worn)
 k - the +1 ring mail of Resilience (worn) {Dex+3 Stlth+}
   (You found it on level 2 of the Dungeon)

   Dex+3:     It affects your dexterity (+3).
   Stlth+:    It makes you more stealthy.
 p - a +1 helmet (worn)
 t - a +0 pair of boots (worn)
Jewellery
 j - an amulet of faith
 n - a +6 ring of intelligence
Wands
 m - a wand of paralysis (8)
 o - a wand of polymorph (9)
 u - a wand of roots (2)
 x - a wand of flame (28)
Scrolls
 e - 2 scrolls of poison {unknown}
 f - 4 scrolls of noise
 g - a scroll of amnesia
 r - a scroll of blinking {unknown}
 v - a scroll of teleportation {unknown}
 y - a scroll of vulnerability {unknown}
Potions
 d - a potion of might
 h - a potion of haste
 i - a potion of mutation {unknown}
 l - 2 potions of resistance
 q - 2 potions of ambrosia
 s - a potion of heal wounds {unknown}
 w - a potion of curing {unknown}
 z - a potion of attraction {unknown}


   Skills:
 - Level 3.2 Fighting
 + Level 6.4 Axes
 - Level 2.6 Armour
 - Level 4.0 Shields


You had 6 spell levels left.
You didn't know any spells.
Your spell library contained the following spells:

 Spells                   Type           Power      Damage    Failure   Level
 Magic Dart               Conj           0%         1d3       65%         1
 Slow                     Hex            0%         N/A       65%         1
 Searing Ray              Conj           0%         2d4       80%         2
 Confusing Touch          Hex            0%         N/A       95%         3
 Sigil of Binding         Hex            0%         N/A       95%         3
 Vampiric Draining        Necr           0%         2d6       95%         3
 Fulminant Prism          Conj/Hex       0%         3d5       100%        4


Dungeon Overview and Level Annotations

Branches:
Dungeon (6/15)             Temple (1/1) D:5

Altars:
Cheibriados
Dithmenos
Gozag
Hepliaklqana
Kikubaaqudgha
Makhleb
Nemelex Xobeh
Qazlal
Ru
Sif Muna
Trog
Uskayaw
Vehumet
Wu Jian
Xom
Yredelemnul

Annotations:
D:3 Sigmund


Innate Abilities, Weirdness & Mutations

You are immune to poison.
You have sharp fingernails.
Your flesh is cold resistant. (rC+)
You are immune to negative energy. (rN+++)
You do not regenerate when monsters are visible.
You are immune to unholy pain and torment.
You thrive by killing the living.


Message History

The water moccasin is lightly wounded.
The water moccasin bites you but does no damage.
The water moccasin barely misses you.
You hit the water moccasin.
The water moccasin is moderately wounded.
You closely miss the orc. The orc barely misses you.
The water moccasin bites you!
* * * LOW HITPOINT WARNING * * *
You slash the water moccasin!
The water moccasin is heavily wounded.
You slash the orc!
You kill the orc!
Makhleb accepts your kill.
You feel better. The water moccasin closely misses you.
The water moccasin bites you.
* * * LOW HITPOINT WARNING * * *
You slash the water moccasin!
The water moccasin is almost dead.
The water moccasin bites you.
* * * LOW HITPOINT WARNING * * *
The water moccasin barely misses you.
You hit the water moccasin.
The water moccasin is almost dead.
The water moccasin closely misses you.
You miss the water moccasin.
The water moccasin is almost dead.
The water moccasin closely misses you. You block the water moccasin's attack.
You completely miss the water moccasin.
The water moccasin is almost dead.
The water moccasin closely misses you.
The water moccasin bites you but does no damage.
You closely miss the water moccasin.
The water moccasin is almost dead.
The water moccasin bites you.
* * * LOW HITPOINT WARNING * * *
You hit the water moccasin.
The water moccasin is almost dead.
You hear the slow rusting of a very distant drain.
The water moccasin barely misses you. The water moccasin bites you!
You die...

..#..#.............
#...................
#...................
...............#..#
.5.........###.#.#
.......<....#....#
.....#.........#)# ...
#.........#S# .
........g....#@###
..............))..#
.............####.....
....$.##....># ......
...... #....$# .....
...... ##..... .....
#...... .... .......
.... ........


You could see a water moccasin.

Vanquished Creatures
  A scorpion (D:3)
  A howler monkey (D:6)
  A hound (D:5)
  A jelly (D:4)
  2 orc priests (D:4)
  Terence (D:3)
  Ijyb (D:3)
  2 orc wizards
  Robin (D:3)
  3 gnolls (D:6)
  5 adders
  2 ufetubi (D:5)
  4 worms
  4 dart slugs
  9 orcs
  6 ball pythons
  10 endoplasms
  6 giant cockroaches
  17 goblins
  10 hobgoblins
  5 quokkas
  6 bats
  5 frilled lizards
  8 kobolds
  3 rats
114 creatures vanquished.

Notes
Turn   | Place    | Note
-------+----------+-------------------------------------------
     0 | D:1      | MacCMillion the Ghoul Fighter began the quest for the Orb.
     0 | D:1      | Reached XP level 1. HP: 19/19 MP: 0/0
   197 | D:1      | Reached skill level 2 in Axes
   238 | D:1      | Reached XP level 2. HP: 19/26 MP: 1/1
   782 | D:1      | Reached XP level 3. HP: 29/31 MP: 2/2
   793 | D:1      | Found a faded altar of an unknown god.
  1247 | D:2      | Identified the +1 ring mail of Resilience {Dex+3 Stlth+}
  1422 | D:2      | Reached skill level 3 in Axes
  1422 | D:2      | Reached XP level 4. HP: 38/38 MP: 3/3
  2187 | D:3      | Noticed Ijyb
  2208 | D:3      | Killed Ijyb
  2238 | D:3      | Noticed Sigmund
  2328 | D:3      | Noticed Robin
  2352 | D:3      | Reached XP level 5. HP: 41/45 MP: 4/4
  2679 | D:3      | Killed Robin
  2796 | D:3      | Reached skill level 4 in Axes
  3202 | D:3      | Noticed Terence
  3210 | D:3      | Killed Terence
  3211 | D:3      | Reached XP level 6. HP: 36/51 MP: 5/5
  3538 | D:3      | Reached skill level 5 in Axes
  4342 | D:4      | Found a stormy altar of Qazlal.
  4436 | D:5      | Entered Level 5 of the Dungeon
  4460 | D:5      | Reached skill level 6 in Axes
  4460 | D:5      | Reached XP level 7. HP: 57/57 MP: 6/6
  4526 | D:5      | Found a staircase to the Ecumenical Temple.
  4542 | Temple   | Entered the Ecumenical Temple
  4580 | Temple   | Became a worshipper of Makhleb the Destroyer
  4936 | D:6      | Slain by a water moccasin

Illustrated notes

Levels and vault maps discovered:
D:1:      moated_graveyard_arrival, layout_loops_corners,
          hellmonk_ecumenical_altar_run_dry, chequers_serial_rivers_micro_c
D:2:      layout_basic
D:3:      minmay_octagon_keep, layout_basic, elyvilon_altar_3, minmay_vboxes,
          uniq_ijyb, uniq_sigmund, uniq_robin, uniq_terence
D:4:      layout_basic, nicolae_qazlal_eye_of_the_storm,
          mainiacjoe_overflow_catwalk
D:5:      layout_loops_ring, minmay_temple_entry_offerings, uniq_duvessa
D:6:      layout_cave_pools, gammafunk_temple_overflow_elements,
          cheibrodos_sewer_entry_sluice, uniq_eustachio, uniq_menkaure,
          uniq_edmund
Temple:   regret_index_temple_generic_petals

Skill      XL: |  1  2  3  4  5  6 |
---------------+-------------------+-----
Axes           | 2 3 4 6 |  6.4
Shields        | 3 4 |  4.0
Fighting       | |  3.2
Armour         | |  2.6

Action                     |  1- 3 |  4- 6 |  7- 9 || total
---------------------------+-------+-------+-------++-------
  Melee: War axe           |    86 |   227 |    44 ||   357
    Use: Scroll            |       |     4 |     1 ||     5
   Stab: Sleeping          |       |     4 |       ||     4
         Distracted        |       |     1 |       ||     1
 Armour: Scale mail        |    51 |       |       ||    51
         Ring mail         |     3 |   154 |    47 ||   204
  Dodge: Dodged            |    43 |   108 |    37 ||   188
  Block: Buckler           |    20 |    47 |    13 ||    80

Table legend: (Time is in decaauts)
 A = Elapsed time spent in this place.
 B = Non-inter-level travel time spent in this place.
 C = Inter-level travel time spent in this place.
 D = Time resting spent in this place.
 E = Time spent auto-exploring this place.
 F = Levels seen in this place.
 G = Mean time per level.
                   A        B        C        D        E       F      G
               +--------+--------+--------+--------+--------+-----+--------+
         Total |   5058 |   4785 |    273 |   1281 |   1992 |   7 |  722.6 |
       Dungeon |   4982 |   4782 |    200 |   1281 |   1992 |   6 |  830.3 |
        Temple |     75 |      2 |     73 |      0 |      0 |   1 |   75.0 |
               +--------+--------+--------+--------+--------+-----+--------+

Top non-repeatable levels by time:
     D:2: 1322 daAuts
     D:3: 1259 daAuts
     D:1: 1122 daAuts
     D:4: 884 daAuts
     D:5: 343 daAuts
  Temple: 75 daAuts
     D:6: 49 daAuts
